 Dungeon Crawl Stone Soup version 0.30-a0-778-g2ef04afb54 (webtiles) character file.

Game seed: 13330959462825691723

2982692 pleonasm the Axe Maniac (level 27, 273/273 HPs)
             Began as a Minotaur Berserker on Aug 19, 2021.
             Was the Champion of the Shining One.
             Escaped with the Orb
             ... and 5 runes on Feb 16, 2023!
             The game lasted 07:44:35 (81121 turns).

pleonasm the Axe Maniac (Minotaur Berserker)       Turns: 81121, Time: 07:44:35

Health: 273/273    AC: 49    Str: 31 (32) XL:     27
Magic:  35/35      EV: 21    Int: 15      God:    the Shining One [******]
Gold:   3961       SH:  0    Dex: 16 (17) Spells: 6/26 levels left

rFire   + + +      SeeInvis +    h - +6 executioner's axe (holy)
rCold   + + +      Faith    .    (shield currently unavailable)
rNeg    + + +      Spirit   .    g - +13 crystal plate armour of the True Pharaoh {Fly Will+ Dex+3 SInv}
rPois   +          Reflect  .    C - -2 hat of the Alchemist {rElec rPois rF+ rC+ rN+ Will+ rMut rCorr}
rElec   +          Harm     .    k - +1 cloak of Starlight {*Dazzle EV+4 Stlth--}
rCorr   +          Rampage  .    J - +0 pair of gloves "Podirphi" {rC+}
rMut    +                        A - +0 pair of boots of Kleptomania {rC+ Slay+5}
Will    ++++.                    M - amulet of regeneration Stlth
                                 O - ring of Xom's Whimsicality {rElec Int+2 Dex+4 Slay+4}
HPRegen 1.45/turn                u - ring "Deacet" {rPois rF+++ Int+6 SInv Stlth+, =R}
MPRegen 0.24/turn

@: mighty, brilliant, resistant, flying, hasted, glowing, studying 2 skills,
very quick
A: horns 2, retaliatory headbutt, no potion heal 1
0: Orb of Zot
}: 5/15 runes: serpentine, barnacled, slimy, silver, obsidian
a: Renounce Religion, Divine Shield, Cleansing Flame, Summon Divine Warrior


You escaped.
You worshipped the Shining One.
The Shining One was exalted by your worship.
You visited 15 branches of the dungeon, and saw 71 of its levels.
You also visited: Trove, Wizlab and Desolation.

You collected 9198 gold pieces.
You spent 5237 gold pieces at shops.

Inventory:

Hand Weapons
 a - a +9 antimagic executioner's axe
 b - the +6 arbalest "Hydraslayer" {speed, MP+9 SInv}
   (You bought it in a shop on level 2 of the Vaults)

   MP:        It affects your magic capacity (+9).
   SInv:      It lets you see invisible.
 h - a +6 executioner's axe of holy wrath (weapon)
 o - the +27 heavy crossbow "Sniper" {heavy, Acc+∞ SInv}
   (You bought it in a shop on level 1 of the Depths)

   Acc+∞: It never misses its target.
   SInv:      It lets you see invisible.
 N - a +5 broad axe of electrocution
 P - a +3 eudemon blade of holy wrath
Missiles
 m - 9 throwing nets
 T - 972 bolts
 X - 25 silver javelins (quivered)
Armour
 e - +3 gold dragon scales
 g - the +13 crystal plate armour of the True Pharaoh (worn) {Fly Will+ Dex+3 SInv}
   (You acquired it on level 1 of the Lair of Beasts)

   Dex:       It affects your dexterity (+3).
   SInv:      It lets you see invisible.
   Fly:       It grants you flight.
   Will:      It increases your willpower.
 k - the +1 cloak of Starlight (worn) {*Dazzle EV+4 Stlth--}
   (You found it in a wizard's laboratory)

   *Dazzle:   It may blind those who miss an attack against the wearer in melee
   combat.
   EV:        It affects your evasion (+4).
   Stlth:     It makes you much less stealthy.
 A - the +0 pair of boots of Kleptomania (worn) {rC+ Slay+5}
   (You found it on level 5 of the Vaults)

   Slay:      It affects your accuracy & damage with ranged weapons and melee
   (+5).
   rC:        It protects you from cold.
 C - the -2 hat of the Alchemist (worn) {rElec rPois rF+ rC+ rN+ Will+ rMut rCorr}
   (You found it on level 7 of Gehenna)

   rF:        It protects you from fire.
   rC:        It protects you from cold.
   rElec:     It insulates you from electricity.
   rPois:     It protects you from poison.
   rN:        It protects you from negative energy.
   rCorr:     It protects you from acid and corrosion.
   rMut:      It protects you from mutation.
   Will:      It increases your willpower.
 I - the +1 robe of Vines {NoPotionHeal Regen++++}
   (You found it on level 3 of the Depths)

   NoPotionHeal: Its wearer cannot be healed by potions.
   Regen:     It increases your rate of health regeneration.
 J - the +0 pair of gloves "Podirphi" (worn) {rC+}
   (You found it on level 3 of the Elven Halls)

   rC:        It protects you from cold.
Jewellery
 u - the ring "Deacet" (right hand) {rPois rF+++ Int+6 SInv Stlth+, =R}
   (You found it in a treasure trove)

   [ring of intelligence]

   Int:       It affects your intelligence (+6).
   rF:        It renders you almost immune to fire.
   rPois:     It protects you from poison.
   SInv:      It lets you see invisible.
   Stlth:     It makes you more stealthy.
 y - a +4 ring of slaying
 M - an amulet of regeneration (around neck)
 O - the ring of Xom's Whimsicality (left hand) {rElec Int+2 Dex+4 Slay+4}
   (You found it in a treasure trove)

   [ring of slaying]

   Int:       It affects your intelligence (+2).
   Dex:       It affects your dexterity (+4).
   Slay:      It affects your accuracy & damage with ranged weapons and melee
   (+4).
   rElec:     It insulates you from electricity.
Wands
 i - a wand of digging (23)
 w - a wand of mindburst (29)
 E - a wand of paralysis (16)
 F - a wand of charming (16)
 S - a wand of iceblast (67)
 Z - a wand of acid (3)
Scrolls
 c - 31 scrolls of teleportation
 d - 3 scrolls of fog
 j - a scroll of holy word
 l - 3 scrolls of magic mapping
 s - 4 scrolls of summoning
 v - 3 scrolls of silence
 z - 36 scrolls of identify
 B - 8 scrolls of vulnerability
 G - 13 scrolls of blinking
 Q - 6 scrolls of immolation
 V - 8 scrolls of fear
Potions
 n - 6 potions of cancellation
 p - 2 potions of might
 q - 4 potions of resistance
 r - 4 potions of magic
 t - 7 potions of heal wounds
 x - 17 potions of curing
 K - 8 potions of ambrosia
 L - 5 potions of haste
 W - 2 potions of brilliance
Miscellaneous
 f - a phantom mirror
 D - a phial of floods
 H - a lightning rod (4/4)
 U - a tin of tremorstones (2/2)
 Y - a box of beasts


   Skills:
 O Level 27 Fighting
 O Level 27 Axes
 - Level 22.0 Ranged Weapons
 - Level 11.4 Throwing
 O Level 27 Armour
 - Level 19.0 Dodging
 - Level 8.0 Translocations
 - Level 9.0 Transmutations
 * Level 19.6 Invocations
 - Level 14.4 Evocations


You had 6 spell levels left.
You knew the following spells:

 Your Spells              Type           Power      Damage    Failure   Level
a - Statue Form           Tmut/Erth      13%        N/A       100%        6
b - Irradiate             Conj/Tmut      10%        3d15      99%         5
d - Passwall              Tmut/Erth      16%        N/A       32%         2
e - Passage of Golubria   Tloc           36%        N/A       45%         4
g - Apportation           Tloc           72%        N/A       4%          1
B - Blink                 Tloc           72%        N/A       8%          2

Your spell library contained the following spells:

 Spells                   Type           Power      Damage    Failure   Level
 Beastly Appendage        Tmut           80%        N/A       3%          1
 Wereblood                Tmut           40%        N/A       4%          2
 Lesser Beckoning         Tloc           72%        N/A       8%          2
 Gell's Gravitas          Tloc           36%        N/A       16%         3
 Teleport Other           Tloc           36%        N/A       16%         3
 Sting                    Tmut/Pois      80%        1d7       22%         1
 Manifold Assault         Tloc           36%        N/A       45%         4
 Spider Form              Tmut/Pois      20%        N/A       54%         3
 Portal Projectile        Hex/Tloc       36%        N/A       61%         3
 Blade Hands              Tmut           20%        N/A       67%         5
 Ignite Poison            Fire/Tmut/Pois 13%        N/A       75%         3
 Animate Skeleton         Necr           0%         N/A       80%         1
 Corona                   Hex            0%         N/A       80%         1
 Foxfire                  Conj/Fire      0%         2x1d4     80%         1
 Freeze                   Ice            0%         1d3       80%         1
 Magic Dart               Conj           0%         1d3       80%         1
 Pain                     Necr           0%         1d4       80%         1
 Sandblast                Erth           0%         2d4       80%         1
 Slow                     Hex            0%         N/A       80%         1
 Summon Small Mammal      Summ           0%         N/A       80%         1
 Ensorcelled Hibernation  Hex/Ice        0%         N/A       90%         2
 Poisonous Vapours        Pois/Air       0%         N/A       90%         2
 Searing Ray              Conj           0%         2d4       90%         2
 Static Discharge         Conj/Air       0%         2-2/arc   90%         2
 Ice Form                 Ice/Tmut       20%        N/A       91%         4
 Petrify                  Tmut/Erth      20%        N/A       91%         4
 Iskenderun's Mystic Bla  Conj/Tloc      18%        2d6       95%         4
 Call Canine Familiar     Summ           0%         N/A       99%         3
 Confusing Touch          Hex            0%         N/A       99%         3
 Dazzling Flash           Conj/Hex       0%         N/A       99%         3
 Frozen Ramparts          Ice            0%         1d1       99%         3
 Hailstorm                Conj/Ice       0%         3d3       99%         3
 Inner Flame              Hex/Fire       0%         N/A       99%         3
 Mephitic Cloud           Conj/Pois/Air  0%         N/A       99%         3
 Summon Guardian Golem    Hex/Summ       0%         N/A       99%         3
 Tukima's Dance           Hex            0%         N/A       99%         3
 Vampiric Draining        Necr           0%         2d6       99%         3
 Animate Armour           Summ/Erth      0%         N/A       100%        4
 Cause Fear               Hex            0%         N/A       100%        4
 Dispel Undead            Necr           0%         3d6       100%        4
 Fulminant Prism          Conj/Hex       0%         3d5       100%        4
 Leda's Liquefaction      Hex/Erth       0%         N/A       100%        4
 Olgreb's Toxic Radiance  Pois           0%         N/A       100%        4
 Sticky Flame             Conj/Fire      0%         2d3       100%        4
 Summon Ice Beast         Ice/Summ       0%         N/A       100%        4
 Bolt of Magma            Conj/Fire/Erth 0%         4d4       100%        5
 Fireball                 Conj/Fire      0%         3d3       100%        5
 Freezing Cloud           Conj/Ice/Air   0%         6-21      100%        5
 Iskenderun's Battlesphe  Conj           0%         2d6       100%        5
 Lee's Rapid Deconstruct  Erth           0%         3d4*      100%        5
 Lightning Bolt           Conj/Air       0%         1d11      100%        5
 Metabolic Englaciation   Hex/Ice        0%         N/A       100%        5
 Summon Forest            Summ/Tloc      9%         N/A       100%        5
 Conjure Ball Lightning   Conj/Air       0%         3x3d6     100%        6
 Death Channel            Necr           0%         N/A       100%        6
 Dispersal                Tloc           18%        N/A       100%        6
 Eringya's Noxious Bog    Tmut/Pois      10%        N/A       100%        6
 Iron Shot                Conj/Erth      0%         9d1       100%        6
 Simulacrum               Ice/Necr       0%         N/A       100%        6
 Starburst                Conj/Fire      0%         6d3       100%        6
 Dragon Form              Tmut           20%        N/A       100%        7
 Orb of Destruction       Conj           0%         9d5       100%        7
 Spellforged Servitor     Conj/Summ      0%         N/A       100%        7
 Storm Form               Tmut/Air       10%        N/A       100%        7
 Summon Hydra             Summ           0%         N/A       100%        7
 Disjunction              Tloc           18%        N/A       100%        8
 Maxwell's Capacitive Co  Air            0%         ∞         100%        8
 Summon Horrible Things   Summ           0%         N/A       100%        8
 Dragon's Call            Summ           0%         N/A       100%        9
 Polar Vortex             Ice            0%         N/A       100%        9


Dungeon Overview and Level Annotations

Branches:
Dungeon (15/15)            Temple (1/1) D:7            Lair (6/6) D:8
 Shoals (4/4) Lair:3        Snake (4/4) Lair:4        Slime (5/5) Lair:5
    Orc (2/2) D:10            Elf (3/3) Orc:2        Vaults (5/5) D:14
  Crypt (3/3) Vaults:2       Tomb (0/3) Crypt:3      Depths (5/5) D:15
   Hell (visited)             Dis (5/7) Hell            Geh (7/7) Hell
    Coc (0/7) Hell            Tar (0/7) Hell            Zot (5/5) Depths:5
 WizLab (visited)         Desolation (visited)

Altars:
Ashenzari
Cheibriados
Dithmenos
Elyvilon
Fedhas
Gozag
Hepliaklqana
Kikubaaqudgha
Makhleb
Nemelex Xobeh
Okawaru
Qazlal
Ru
Sif Muna
Trog
Uskayaw
Vehumet
Wu Jian
Xom
Yredelemnul
Zin
The Shining One
Lugonu

Shops:
Orc:2 *!(=   Elf:3 :   Shoals:1 *   Shoals:4 =   Snake:2 ??[=   Vaults:1 ::
Vaults:2 *   Depths:1 ([:

Portals:
Hell: Depths:1 Depths:2 Depths:3 Depths:4 Depths:5
Abyss: Depths:3 Depths:4
Pandemonium: Depths:2 Depths:3 Depths:4 Depths:5
Ziggurat: Depths:3

Annotations:
Zot:3 exclusion: 3 doors
Zot:4 2 transporters "Damnation"


Innate Abilities, Weirdness & Mutations

You have a pair of horns on your head.
You reflexively headbutt those who attack you in melee.
Potions are less effective at restoring your health.


Message History

(H) Hell (I) Dis (G) Gehenna (X) Cocytus (Y) Tartarus (Z) Zot
Where to? (* - list waypoints, Enter - D:1 @ (x,y), ? - help)
There is a stone staircase leading up here.
You fly upwards.
There is a stone staircase leading down here.
A rakshasa and an endoplasm come into view.
The endoplasm quivers.
There is an open door here.
The rakshasa hits you but does no damage.
You carve the rakshasa like a ham!!!
The rakshasa's magic leaks into the air.
The rakshasa is almost dead.
You slice the rakshasa!!
You kill the rakshasa!
The Shining One accepts your kill.
You slice the endoplasm!!
You kill the endoplasm!
Things that are here:
a +0 whip; a +0 robe You reach down and open the door.
There is an open door here.
There is a staircase leading out of the dungeon here.
The Shining One will bless one of your weapons.
Do you wish to have your +4 executioner's axe of electrocution blessed with holy wrath?
Okay, then.
The Shining One will bless one of your weapons.
Do you wish to have your +4 executioner's axe of electrocution blessed with holy wrath?
Your executioner's axe shines brightly!
The Shining One booms: Use this gift wisely!
You feel magic returning to you.
Your +6 executioner's axe of holy wrath softly glows with a divine radiance!
h - a +6 executioner's axe of holy wrath (weapon)
You feel protected.
You feel very mighty all of a sudden. Magic courses through your body.
You feel yourself speed up.
You feel clever all of a sudden.
Okay, then.
You have escaped!

#.##.#...#.##.###.##.#.........
#.##.#####.##.###.##...........
#..#.......##.....########.###.
##.###########'###########.# #.
#.#........'8.8'........#.# #.
#.#........#..)#........#.# #.
#.#...⌠....##'##....⌠...#.# #.
####.##...................##.# #.
......######....@....#######.###.
...........##.......##....##.#...
....†#####..#########..#..##.#...
.....# #...............#...#.....
.....###....###..............#...
.....##......##..............#...
.....##......##..............#...
#######......##..............###.
#......#########.......# #.


There were no monsters in sight!

Vanquished Creatures
  3 dread liches
  7 orbs of fire
  3 ancient liches
  Asmodeus (Geh:7)
  Sojobo (Depths:4)
  Boris (twice) (Vaults:5 D:15)
  Bai Suzhen (Shoals:3)
  Saint Roka (Vaults:5)
  5 Killer Klowns
  Khufu (Crypt:2)
  Xtahua (Depths:4)
  the Enchantress (Depths:4)
  16 golden dragons
  2 bone dragons
  3 royal mummies (Crypt:2)
  23 tentacled monstrosities
  Rupert (Lair:6)
  Margery (Crypt:2)
  Asterion (Vaults:1)
  2 curse toes (Zot:5)
  28 Orb Guardians
  6 liches
  Geryon (Hell)
  3 titans (Vaults:5)
  3 deep elf blademasters
  The ghost of timneilson the Tortoise, an adept GrFi of Okawaru (Vaults:1)
  11 death cobs
  7 quicksilver dragons
  A kraken (Shoals:1)
  12 acid blobs
  2 deep elf master archers (Elf:3)
  Gastronok (D:8)
  10 storm dragons
  Kirke (Snake:2)
  10 sphinxes
  5 shadow dragons
  An electric golem (Zot:5)
  Donald (Shoals:1)
  11 hellephants
  4 draconian monks
  17 Brimstone Fiends
  13 tengu reavers
  2 rockslimes
  3 azure jellies
  A Hell Sentinel (Zot:5)
  4 nagarajas
  6 deep elf sorcerers
  24 fire giants
  3 draconian scorchers
  5 draconian knights
  9 frost giants
  6 iron dragons
  17 searing wretches
  3 imperial myrmidons (Desolation)
  12 vault wardens
  31 balrugs
  3 orc warlords
  A pandemonium lord (D:8)
  4 curse skulls
  8 draconian shifters
  3 angels
  7 deep elf elementalists (Elf:3)
  Murray (Hell)
  Aizul (Vaults:1)
  8 spriggan defenders
  7 quicksilver oozes
  12 war gargoyles
  15 ancient champions
  29 very ugly things
  An eldritch tentacle (WizLab)
  13 ironbound preservers
  4 draconian annihilators
  2 red draconians (shapeshifter) (Zot:3)
  A daeva (D:5)
  42 stone giants
  2 revenants
  8 green draconians
  13 black draconians
  6 white draconians
  Azrael (Snake:2)
  A black draconian (shapeshifter) (Zot:3)
  A lorocyproca (Depths:2)
  7 red draconians
  5 deep elf demonologists (Elf:3)
  16 purple draconians
  4 quicksilver elementals
  4 deep elf annihilators
  10 deep elf death magi
  15 spark wasps
  14 ettins
  8 yellow draconians
  Snorg (D:11)
  6 reapers (Hell)
  17 great orbs of eyes
  A demonspawn corrupter (D:15)
  10 fire dragons
  3 crystal guardians (Desolation)
  7 ragged hierophants (Desolation)
  3 merfolk impalers (Shoals:4)
  3 vampire knights
  5 merfolk javelineers
  5 deep elf high priests
  2 servants of whispers (Desolation)
  9 rakshasas
  12 hydras
  11 ice dragons
  11 yaktaur captains
  2 hell beasts
  2 ogre magi (Vaults:5)
  14 salamander tyrants
  7 ironbound thunderhulks
  5 spriggan air magi
  6 anacondas
  16 naga warriors
  8 peacekeepers (Desolation)
  14 ironbound frosthearts
  40 vault guards
  A green death (Hell)
  4 iron golems
  3 boulder beetles
  2 catoblepae (Lair:6)
  4 eidola
  4 merfolk avatars
  3 death knights
  30 dancing weapons
  7 jiangshi
  15 centaur warriors
  A merfolk aquamancer (Shoals:4)
  8 two-headed ogres
  3 satyrs
  7 tengu warriors
  A death yak (shapeshifter) (Zot:3)
  18 deep troll earth magi
  4 death yaks (Lair:5)
  8 deep troll shamans
  2 removed ironbound beastmasters
  6 spriggan berserkers
  11 vampire magi
  19 naga sharpshooters
  10 shock serpents
  2 orc high priests (Orc:2)
  3 stokers (Geh:7)
  8 soul eaters
  24 hell knights
  20 hell hogs
  19 deep elf knights
  11 sun demons
  12 sea snakes
  25 skeletal warriors
  2 shadow wraiths (Hell)
  A crystal echidna (Dis:4)
  A titan skeleton (Crypt:3)
  A death drake (shapeshifter) (Depths:4)
  14 iron trolls
  A sixfirhy (Depths:3)
  A swamp dragon (Lair:6)
  5 salamander mystics (Snake:4)
  5 flayed ghosts
  A golden dragon zombie (Depths:3)
  3 shadow demons
  2 storm dragon skeletons
  51 deep trolls
  2 removed gelid demonspawn (Depths:3)
  26 harpies
  A quicksilver dragon simulacrum (Depths:2)
  2 anaconda zombies (Hell)
  6 deep elf archers
  5 orc knights
  6 naga ritualists
  11 necromancers
  4 lindwurms
  11 wizards
  10 phantasmal warriors
  24 deep elf pyromancers
  2 obsidian statues
  9 glowing orange brains
  A golden dragon skeleton (Depths:2)
  A wolf spider zombie (D:15)
  23 ironbound convokers
  An anaconda skeleton (Crypt:3)
  5 orb spiders (Zot:3)
  32 deep elf zephyrmancers
  4 orc sorcerers (Orc:2)
  A salamander (shapeshifter) (Vaults:2)
  A frost giant zombie (Crypt:3)
  19 manticores
  18 fauns
  10 mana vipers
  50 ugly things
  6 oklob plants
  18 cyclopes
  A worldbinder (WizLab)
  24 salamanders
  4 stone giant skeletons
  5 elephants (Lair:6)
  13 guardian serpents
  46 black mambas
  11 merfolk sirens
  18 naga magi
  36 moths of wrath
  10 fire giant skeletons
  17 vault sentinels
  3 eyes of devastation
  A frost giant skeleton (Crypt:3)
  A spriggan zombie (Depths:2)
  An apocalypse crab (Zot:3)
  6 molten gargoyles
  9 smoke demons
  6 water nymphs
  An orange demon (Depths:2)
  11 cane toads
  2 centaur skeletons (D:15)
  4 torpor snails (Depths:2)
  9 hellions
  2 unseen horrors
  A sea snake zombie (Hell)
  A komodo dragon (shapeshifter) (Vaults:5)
  5 gargoyles
  3 freezing wraiths
  12 komodo dragons
  10 swamp worm zombies (Crypt:2)
  4 rime drakes
  A rime drake (shapeshifter) (Elf:3)
  A yellow draconian skeleton (Crypt:1)
  A minotaur zombie (Crypt:1)
  A kobold demonologist (D:11)
  A hydra zombie (Hell)
  A yaktaur (shapeshifter) (Vaults:5)
  A hellwing (WizLab)
  A tormentor (Dis:2)
  3 guardian mummies (Crypt:3)
  24 yaktaurs
  A demonic crawler (Hell)
  3 spriggan skeletons (Depths:2)
  A ghost moth simulacrum (Hell)
  7 tengu conjurers
  A minotaur skeleton (Crypt:2)
  10 ice devils
  A yaktaur skeleton (WizLab)
  2 sea snake skeletons (Hell)
  A queen bee (shapeshifter) (D:15)
  3 harpy zombies (Zot:3)
  A pale draconian skeleton (Crypt:1)
  5 red devils
  2 meliai (Lair:6)
  A polar bear (shapeshifter) (Vaults:4)
  A wolf spider simulacrum (Hell)
  9 trolls
  7 hornets
  12 merfolk
  9 wind drakes
  A hydra skeleton (Crypt:3)
  52 saltlings (Desolation)
  6 raiju
  A harpy skeleton (Crypt:3)
  18 polar bears
  14 snapping turtles
  76 slime creatures
  5 alligator zombies
  A satyr zombie (Crypt:1)
  An ettin zombie (Depths:2)
  13 dream sheep
  19 blink frogs
  A dream sheep (shapeshifter) (Depths:2)
  A fire giant simulacrum (Depths:3)
  A fire dragon zombie (Crypt:2)
  7 shadows
  4 ettin skeletons
  10 water elementals
  2 ynoxinuls
  A redback (shapeshifter) (Depths:5)
  9 spriggans
  9 fire dragon skeletons
  A tyrant leech zombie (Crypt:1)
  4 air elementals
  An ushabti (Crypt:3)
  3 wraiths
  7 fire elementals
  42 yaks
  Eustachio (D:6)
  6 golden eyes (Slime:4)
  5 steam dragons
  2 chaos spawn (Depths:4)
  6 wyverns
  2 hogs (Snake:2)
  6 basilisks
  2 neqoxecs
  10 vampire mosquitoes
  2 acid dragons (Lair:6)
  9 wargs
  3 spatial vortices (WizLab)
  A human zombie (Depths:2)
  11 water moccasins
  19 hell hounds
  47 nagas
  4 floating eyes
  39 orc warriors
  2 ice beasts
  A swamp drake (Lair:6)
  3 hornet zombies
  17 black bears
  A lindwurm zombie (Crypt:2)
  12 ogres
  A necrophage (D:2)
  3 boggarts
  18 centaurs
  A rime drake zombie (Crypt:1)
  23 wolves
  3 phantoms
  An elephant skeleton (Crypt:2)
  5 kobold brigands
  Blork the orc (D:5)
  2 gnoll sergeants
  A komodo dragon skeleton (Crypt:2)
  2 wyvern zombies
  9 bullfrogs
  A small abomination (WizLab)
  3 earth elementals
  2 scorpions
  A wyvern skeleton (D:7)
  A water moccasin skeleton (D:2)
  15 killer bees
  11 wights
  5 electric eels
  A howler monkey (D:11)
  3 centaur zombies
  A crimson imp (WizLab)
  2 bullfrog zombies
  6 jellies
  2 hounds
  43 orc priests
  2 iguanas
  An iguana (shapeshifter) (Vaults:5)
  53 orc wizards
  4 lightning spires (Zot:2)
  19 hell rats
  A killer bee zombie (D:8)
  A tengu zombie (Crypt:2)
  A dwarf skeleton (Crypt:2)
  An ogre skeleton (Hell)
  A hound skeleton (D:5)
  9 mummies (Crypt:3)
  11 gnolls
  5 adders
  2 howler monkey skeletons
  2 white imps
  An ufetubus (D:7)
  A worm zombie (Crypt:1)
  2 adder skeletons (D:4)
  3 dart slugs
  3 worms (D:2)
  135 orcs
  5 ball pythons
  14 endoplasms
  3 giant cockroaches
  3 goblins
  5 hobgoblins
  25 kobolds
  2 bats
  6 rats
  A butterfly (Zot:3)
  4 creeping infernos
  7 fire vortices
  A plant (Shoals:4)
2951 creatures vanquished.

Vanquished Creatures (collateral kills)
  the Royal Jelly (Slime:5)
  A juggernaut (Depths:4)
  Vashnia (Snake:2)
  Agnes (D:15)
  2 acid blobs (Slime:5)
  2 azure jellies (Slime:5)
  2 frost giants (Depths:5)
  A rockslime (Slime:5)
  A merfolk impaler (Shoals:4)
  A vault guard (D:14)
  5 naga sharpshooters
  A sun demon (Hell)
  A deep troll (Depths:5)
  A glowing orange brain (Depths:5)
  2 salamanders
  5 elephants (Lair:6)
  A smoke demon (Hell)
  2 cane toads (Lair:6)
  A rime drake (Lair:6)
  An ice devil (Hell)
  A queen bee (Lair:6)
  A merfolk (Shoals:4)
  3 slime creatures
  A water elemental (Depths:5)
  A water moccasin (Lair:6)
  A snapping turtle skeleton (Hell)
  10 killer bees (Lair:6)
51 creatures vanquished.

Vanquished Creatures (others)
  A hellephant (Geh:5)
  A frost giant (Vaults:5)
  A spriggan air mage (Depths:4)
  A merfolk aquamancer (Shoals:1)
  A death yak (Lair:5)
  4 hell hogs (Geh:2)
  A sixfirhy (D:8)
  A meliai (Lair:6)
  A deep elf zephyrmancer (Elf:3)
  A deep elf pyromancer (Elf:3)
  A naga mage (Snake:2)
  A human (Snake:2)
  3 creeping infernos
  4 fire vortices
  14 fungi
  A lurking horror (WizLab)
  72 plants
  4 tentacles (Shoals:1)
  23 withered plants (Crypt:3)
136 creatures vanquished.

Grand Total: 3138 creatures vanquished

Notes
Turn   | Place    | Note
-------+----------+-------------------------------------------
     0 | D:1      | pleonasm the Minotaur Berserker began the quest for the
                  | Orb.
     0 | D:1      | Reached XP level 1. HP: 19/19 MP: 0/0
   173 | D:1      | Reached XP level 2. HP: 14/27 MP: 1/1
   460 | D:1      | Found a faded altar of an unknown god.
  1085 | D:2      | Reached XP level 3. HP: 18/34 MP: 2/2
  1085 | D:2      | Reached XP level 4. HP: 21/41 MP: 3/3
  1291 | D:2      | Reached ** piety under Trog
  1583 | D:2      | Reached skill level 5 in Axes
  1653 | D:2      | Noticed a necrophage
  1683 | D:2      | Killed a necrophage
  1684 | D:2      | Reached XP level 5. HP: 47/47 MP: 4/4
  1782 | D:2      | Noticed an ogre
  2246 | D:2      | Reached skill level 5 in Fighting
  2533 | D:3      | Reached XP level 6. HP: 56/56 MP: 5/5
  3488 | D:4      | Reached XP level 7. HP: 40/59 MP: 6/6
  4254 | D:5      | Entered Level 5 of the Dungeon
  4429 | D:5      | Reached *** piety under Trog
  4430 | D:5      | Reached skill level 5 in Armour
  4456 | D:5      | Noticed Blork the orc
  4463 | D:5      | Killed Blork the orc
  4800 | D:5      | Reached XP level 8. HP: 51/70 MP: 7/7
  4897 | D:5      | Found the +7 Kryia's mail coat {PotionHeal*2 rC+}
  4918 | D:5      | Reached skill level 5 in Dodging
  6005 | D:6      | Noticed Eustachio
  6200 | D:6      | Killed Eustachio
  6286 | D:6      | Reached XP level 9. HP: 78/79 MP: 8/8
  6588 | D:7      | Found a staircase to the Ecumenical Temple.
  6600 | D:7      | Reached **** piety under Trog
  6603 | D:7      | Reached skill level 10 in Axes
  6781 | Temple   | Entered the Ecumenical Temple
  7473 | D:8      | Noticed Gastronok
  7488 | D:8      | Killed Gastronok
  7489 | D:8      | Reached XP level 10. HP: 90/90 MP: 9/9
  7674 | D:8      | Found a staircase to the Lair.
  7746 | D:8      | Paralysed by a hornet for 3 turns
  8306 | D:9      | Reached skill level 1 in Evocations
  8692 | D:9      | Reached XP level 11. HP: 99/99 MP: 10/10
  9276 | D:10     | Entered Level 10 of the Dungeon
  9284 | D:10     | Reached skill level 10 in Fighting
  9293 | D:10     | Reached ***** piety under Trog
  9529 | D:10     | Found a staircase to the Orcish Mines.
 10149 | D:10     | Found a burning altar of Makhleb.
 10479 | Lair:1   | Entered Level 1 of the Lair of Beasts
 10633 | Lair:1   | Noticed a seven-headed hydra
 10653 | Lair:1   | Killed a one-headed hydra
 10654 | Lair:1   | Reached skill level 10 in Armour
 12026 | Lair:1   | Identified the +6 falchion "Yqosh" {vorpal, Str+3}
 12287 | Lair:2   | Noticed an eight-headed hydra
 12294 | Lair:2   | Killed a three-headed hydra
 12523 | Lair:2   | Reached XP level 12. HP: 84/110 MP: 11/11
 12529 | Lair:2   | Reached skill level 5 in Evocations
 13971 | Lair:3   | Found a staircase to the Shoals.
 13980 | Lair:3   | Reached skill level 15 in Axes
 14801 | Lair:3   | Received a gift from Trog
 14850 | Lair:3   | Noticed a five-headed hydra
 14862 | Lair:3   | Killed a one-headed hydra
 15196 | Lair:3   | Noticed a seven-headed hydra
 15208 | Lair:3   | Killed a one-headed hydra
 16069 | Lair:4   | Found a staircase to the Snake Pit.
 16550 | Lair:4   | Identified the +6 trident "Xyur" {elec, +Blink rPois rN+}
 16813 | Lair:4   | You fall into a shaft and drop 1 floor!
 16813 | Lair:5   | Noticed a death yak
 16827 | Lair:5   | Killed a death yak
 16828 | Lair:5   | Noticed a death yak
 16828 | Lair:5   | Noticed a death yak
 16828 | Lair:5   | Noticed a death yak
 17041 | Lair:4   | Reached XP level 13. HP: 82/118 MP: 12/12
 17728 | Lair:5   | Reached skill level 1 in Throwing
 18095 | Lair:5   | Found a staircase to the Slime Pits.
 18990 | Lair:6   | Entered Level 6 of the Lair of Beasts
 18990 | Lair:6   | Noticed Rupert
 19002 | Lair:6   | Killed Rupert
 19518 | Lair:6   | Found a white marble altar of Elyvilon.
 19805 | Lair:6   | Reached ****** piety under Trog
 19859 | Lair:6   | Received a gift from Trog
 20269 | Lair:6   | Reached XP level 14. HP: 127/129 MP: 13/13
 20369 | Lair:6   | Reached skill level 5 in Throwing
 21673 | Lair:1   | Upgraded the game from 0.28-a0-194-g42b4daccc1 to
                  | 0.28-a0-199-g298df9dbad
 22037 | D:11     | Identified the +7 flail of Vengeance {vorpal, Str+6 Int-5}
 22109 | D:11     | Noticed Snorg
 22114 | D:11     | Killed Snorg
 22377 | D:11     | Received a gift from Trog
 23705 | D:12     | Found a sparkling altar of Nemelex Xobeh.
 24285 | D:13     | Received a gift from Trog
 25204 | D:13     | Reached skill level 10 in Evocations
 25453 | D:14     | Reached skill level 15 in Fighting
 25453 | D:14     | Reached XP level 15. HP: 114/141 MP: 14/14
 25891 | D:14     | Found a gate to the Vaults.
 25932 | D:14     | Reached skill level 10 in Dodging
 25938 | D:14     | HP: 6/211 [vault guard (12)]
 25940 | D:14     | HP: 1/211 [vault guard (6)]
 27442 | D:15     | Entered Level 15 of the Dungeon
 27578 | D:15     | Found a broken altar of Ashenzari.
 27592 | D:15     | Noticed Agnes
 27687 | D:15     | Identified the +2 leather armour of Precision Catastrophes
                  | {Str+2}
 27967 | D:15     | Found a staircase to the Depths.
 28651 | D:15     | Killed Agnes
 28992 | Lair:1   | Identified a scroll of acquirement
 29075 | Orc:1    | Entered Level 1 of the Orcish Mines
 29092 | Orc:1    | Found a radiant altar of Vehumet.
 29179 | Orc:2    | Entered Level 2 of the Orcish Mines
 29196 | Orc:2    | Received a gift from Trog
 29267 | Orc:2    | Found a staircase to the Elven Halls.
 30083 | Orc:2    | Received a gift from Trog
 30162 | Orc:2    | Found Ycastoibb's Distillery.
 30162 | Orc:2    | Found Etucwel's General Store.
 30163 | Orc:2    | Found Pyggugusaf's Weapon Emporium.
 30168 | Orc:2    | Found Isuital's Jewellery Emporium.
 30203 | Orc:2    | Bought a scroll of enchant weapon for 82 gold pieces
 30203 | Orc:2    | Bought a potion of heal wounds for 55 gold pieces
 30204 | Orc:2    | Bought a potion of heal wounds for 70 gold pieces
 30204 | Orc:2    | Bought a potion of heal wounds for 70 gold pieces
 30204 | Orc:2    | Bought a potion of heal wounds for 70 gold pieces
 30204 | Orc:2    | Bought a potion of heal wounds for 70 gold pieces
 30206 | Orc:2    | Bought an amulet of regeneration for 510 gold pieces
 30354 | Orc:1    | Noticed an orc warlord
 30379 | Orc:1    | Killed an orc warlord
 30550 | Orc:1    | Reached XP level 16. HP: 152/152 MP: 15/15
 30675 | Orc:1    | Acquired the +13 crystal plate armour of the True Pharaoh
                  | {Fly Will+ Dex+3 SInv}
 31134 | Snake:1  | Entered Level 1 of the Snake Pit
 31173 | Snake:1  | Identified the +11 long sword of Viur {flame, Fly rPois}
                  | (Trog gifted it to you on level 1 of the Snake Pit)
 31173 | Snake:1  | Received a gift from Trog
 31945 | Snake:2  | Noticed Kirke
 31962 | Snake:2  | Killed Kirke
 32043 | Snake:2  | Found Wuubbal's Magic Scroll Emporium.
 32051 | Snake:2  | Noticed Vashnia
 32105 | Snake:2  | Killed Vashnia
 32163 | Snake:2  | Noticed Azrael
 32183 | Snake:2  | Killed Azrael
 32281 | Snake:2  | Found Jaaqian's Antique Armour Shoppe.
 32281 | Snake:2  | Found Eskeogg's Magic Scroll Emporium.
 32284 | Snake:2  | Found Tedeca Imaes's Jewellery Shoppe.
 32390 | Snake:2  | Bought a runed hat for 147 gold pieces
 32402 | Snake:2  | Bought a scroll of blinking for 82 gold pieces
 32402 | Snake:2  | Bought a scroll of enchant weapon for 82 gold pieces
 32402 | Snake:2  | Bought 3 scrolls of enchant weapon for 247 gold pieces
 32402 | Snake:2  | Bought a scroll of fog for 22 gold pieces
 32540 | Snake:2  | Got the Almanac of a Million Seas
 32667 | Snake:2  | Received a gift from Trog
 33590 | Snake:3  | Reached XP level 17. HP: 162/162 MP: 16/16
 33707 | Snake:4  | Entered Level 4 of the Snake Pit
 34308 | Snake:4  | Received a gift from Trog
 34514 | Snake:4  | Acquired 435 gold pieces
 35077 | Snake:4  | Got a serpentine rune of Zot
 35366 | Lair:1   | Upgraded the game from 0.28-a0-199-g298df9dbad to
                  | 0.28-a0-206-gc2c9e32840
 35530 | Vaults:1 | Entered Level 1 of the Vaults
 35530 | Vaults:1 | Noticed Asterion
 35538 | Vaults:1 | Killed Asterion
 35554 | Vaults:1 | Received a gift from Trog
 35623 | Vaults:1 | Reached XP level 18. HP: 173/173 MP: 17/17
 35653 | Vaults:1 | Identified the +1 leather armour of a treasure trove
                  | {Rampage *Corrode rF+}
 35709 | Vaults:1 | Reached skill level 15 in Armour
 35957 | Vaults:1 | Found Enoynt's Book Emporium.
 36113 | Vaults:1 | Noticed Aizul
 36126 | Vaults:1 | Killed Aizul
 36156 | Vaults:1 | Found Eptimen's Book Emporium.
 36351 | Vaults:1 | Found a runed translucent door.
 36351 | Vaults:1 | Found a shimmering altar of Xom.
 36351 | Vaults:1 | Noticed timneilson's ghost (adept GrFi)
 36674 | Vaults:2 | Received a gift from Trog
 36949 | Vaults:2 | Found Neschuu's Assorted Antiques.
 36997 | Vaults:2 | Found a crumbling gateway.
 37007 | Desolati | Entered the Desolation of Salt
 37183 | Desolati | Received a gift from Trog
 37184 | Desolati | Reached XP level 19. HP: 185/185 MP: 18/18
 37333 | Desolati | Got the Disquisition on Displaced Venom
 37334 | Desolati | Identified the amulet "Qufun" {Acrobat Will+}
 37346 | Desolati | Got the Grimoire of Orientation and Clay
 37362 | Desolati | Identified the +6 scythe of Hiekocuw {speed, rC+ rCorr
                  | MP-9}
 37682 | Desolati | Identified the +8 dagger of Goxeppas {vorpal, Drain rCorr
                  | Str+3}
 37708 | Desolati | Identified the +4 spear of the Sugar Beet {freeze, rF-
                  | Str+4 Dex+3}
 37920 | Desolati | Identified the +1 robe of Goig {Contam rC+ Str+4 Int+7}
 37922 | Desolati | Identified the ring "Cega" {rF+ Dex+2}
 37939 | Desolati | Identified the +8 halberd of the New World {vorpal, Int+4}
 38538 | Vaults:2 | Received a gift from Trog
 38800 | Vaults:2 | Found a staircase to the Crypt.
 39564 | Vaults:3 | Paralysed by a sphinx for 4 turns
 39874 | Vaults:3 | Reached XP level 20. HP: 182/198 MP: 19/19
 40533 | Vaults:4 | Received a gift from Trog
 40555 | Vaults:4 | Reached skill level 10 in Throwing
 41630 | Depths:1 | Entered Level 1 of the Depths
 41640 | Depths:1 | Identified the +8 rapier of Torched {freeze, *Slow MP+9
                  | SInv}
 41645 | Depths:1 | Found Sesm's Weapon Boutique.
 41647 | Depths:1 | Found Imitrir's Armour Shop.
 41649 | Depths:1 | Found Cegret's Book Boutique.
 41944 | Depths:1 | Found a hide-covered altar of Uskayaw.
 41968 | Depths:1 | Found a gateway to Hell.
 42031 | Depths:1 | Found a blossoming altar of Fedhas.
 42205 | Depths:1 | You are sucked into a shaft and drop 1 floor!
 42287 | Depths:2 | Received a gift from Trog
 42482 | D:15     | Upgraded the game from 0.28-a0-206-gc2c9e32840 to
                  | 0.28-a0-224-g76b539d98b
 42503 | Depths:1 | Bought the +9 heavy crossbow "Sniper" {vorpal, Acc+∞ SInv}
                  | for 1281 gold pieces
 42503 | Depths:1 | Found the +9 heavy crossbow "Sniper" {vorpal, Acc+∞ SInv}
 42786 | Vaults:1 | Killed timneilson's ghost
 42792 | Vaults:1 | Got the Almanac of Aerial Fire
 43681 | Depths:2 | Reached skill level 1 in Crossbows
 43776 | Depths:2 | Found a one-way gate leading to the halls of Pandemonium.
 44472 | Depths:2 | Reached skill level 5 in Crossbows
 44932 | Depths:2 | Reached XP level 21. HP: 209/209 MP: 20/20
 44949 | Depths:2 | Received a gift from Trog
 45033 | Depths:2 | Paralysed by a floating eye for 3 turns
 45213 | Depths:2 | Found a snail-covered altar of Cheibriados.
 45238 | Depths:2 | Got the Compendium of Shifting Execration
 45300 | Depths:3 | Paralysed by a sphinx for 3 turns
 45590 | Depths:3 | Received a gift from Trog
 45629 | Depths:3 | Acquired a manual of Crossbows
 45802 | Depths:3 | Found a gateway to a ziggurat.
 45803 | Depths:3 | Found a one-way gate to the infinite horrors of the Abyss.
 45829 | Depths:3 | Reached skill level 10 in Crossbows
 46228 | Depths:3 | Found the +2 robe of Vines {NoPotionHeal Regen+++}
 46499 | Depths:4 | Received a gift from Trog
 46504 | Depths:4 | Reached XP level 22. HP: 164/220 MP: 21/21
 46560 | Depths:4 | Found a corrupted altar of Lugonu.
 46659 | Depths:4 | Identified the +7 long sword of Cruel Justice {vorpal,
                  | Fragile rN+++ Str+3 Stlth-}
 46893 | Depths:4 | Noticed a juggernaut
 46899 | Depths:4 | Killed a juggernaut
 46900 | Depths:4 | Reached skill level 15 in Crossbows
 46908 | Depths:4 | Received a gift from Trog
 46959 | Depths:4 | Identified the +8 spear "Undertaker" {freeze, Str+4}
 46995 | Depths:4 | Found a runed translucent door.
 46995 | Depths:4 | Found a runed translucent door.
 47069 | Depths:4 | You are sucked into a shaft and drop 1 floor!
 47069 | Depths:5 | Entered Level 5 of the Depths
 48139 | Depths:5 | Found a gate to the Realm of Zot.
 48399 | Depths:4 | Noticed Xtahua
 48417 | Depths:4 | Killed Xtahua
 48453 | Depths:4 | Noticed the Enchantress
 48456 | Depths:4 | Noticed Sojobo
 48553 | Depths:4 | Identified the +8 war axe "Ezalleor" {antimagic, rCorr
                  | Str+3 SInv} (Trog gifted it to you on level 4 of the
                  | Depths)
 48553 | Depths:4 | Received a gift from Trog
 48553 | Depths:4 | Killed Sojobo
 48554 | Depths:4 | Reached XP level 23. HP: 133/229 MP: 22/22
 49083 | Depths:4 | Killed the Enchantress
 49391 | Depths:4 | Identified the +1 plate armour "Xos Puth" {rF+}
 49946 | D:14     | Upgraded the game from 0.28-a0-224-g76b539d98b to
                  | 0.28-a0-313-gbc0475efdd
 50177 | Shoals:1 | Entered Level 1 of the Shoals
 50274 | Shoals:1 | Found Nyhurir's CLEARANCE SALE! EVERYTHING MUST GO!.
 50287 | Shoals:1 | Bought a potion of haste for 50 gold pieces
 50287 | Shoals:1 | Bought a scroll of immolation for 17 gold pieces
 50601 | Shoals:1 | Noticed Donald
 50616 | Shoals:1 | Killed Donald
 50780 | Shoals:1 | Received a gift from Trog
 52090 | Shoals:3 | Noticed Bai Suzhen
 52092 | Shoals:3 | Received a gift from Trog
 52103 | Shoals:3 | Killed Bai Suzhen
 52393 | Shoals:4 | Entered Level 4 of the Shoals
 52594 | Shoals:4 | Found Fiethrig's Jewellery Emporium.
 53332 | Shoals:4 | Got a barnacled rune of Zot
 53923 | Elf:1    | Entered Level 1 of the Elven Halls
 53948 | Elf:1    | Found a radiant altar of Vehumet.
 54021 | Elf:1    | Received a gift from Trog
 54309 | Elf:1    | Found a portal to a secret trove of treasure.
 54769 | Elf:2    | Identified the +1 robe "Put-Me-On" {rPois rC+ Stlth+}
 54920 | Elf:2    | Reached XP level 24. HP: 222/240 MP: 22/22
 55072 | Elf:2    | Found a runed translucent gate.
 55072 | Elf:2    | Found a runed translucent gate.
 55072 | Elf:2    | Found a runed translucent gate.
 55293 | Elf:2    | Received a gift from Trog
 55743 | Elf:3    | Entered Level 3 of the Elven Halls
 55927 | Elf:3    | Received a gift from Trog
 56162 | Elf:3    | Found Tocaerr's Book Shop.
 56200 | Elf:3    | Identified the +6 battleaxe of Ihiremo {flame, *Rage rF+
                  | rN+}
 56398 | Elf:3    | Paralysed by an air elemental for 1 turns
 56799 | Elf:3    | Reached skill level 15 in Dodging
 56804 | Elf:3    | Identified the +8 battleaxe of Experimentation {vorpal,
                  | Will+ Str+4 Int-5} (Trog gifted it to you on level 3 of the
                  | Elven Halls)
 56804 | Elf:3    | Received a gift from Trog
 56999 | Elf:3    | Identified the +2 ring mail of Filth {rC+++ Int+3 Slay-5}
 57001 | Elf:3    | Identified the +3 ring mail "Aleam" {rN+}
 57004 | Elf:3    | Identified the +4 spear of Spores {vorpal, rC- Will++ Int+4
                  | Stlth+}
 57028 | Elf:3    | Identified the +0 pair of gloves "Podirphi" {rC+}
 57030 | Elf:3    | Identified the +1 falchion of Estriusil {vorpal, rElec MP+9
                  | Int+2 Dex+3}
 57288 | Elf:3    | Identified the ring "Ustar" {Wiz Dex+4}
 57675 | D:14     | Upgraded the game from 0.28-a0-313-gbc0475efdd to
                  | 0.28-a0-381-g937acc2988
 58030 | Slime:1  | Entered Level 1 of the Pits of Slime
 58183 | Slime:5  | Entered Level 5 of the Pits of Slime
 58471 | Slime:5  | Noticed the Royal Jelly
 58483 | Slime:5  | Killed the Royal Jelly
 58484 | Slime:5  | Reached XP level 25. HP: 223/253 MP: 22/22
 58521 | Slime:5  | Found the +5 robe of Misfortune {Contam Harm *Corrode Drain
                  | *Slow EV+5}
 58546 | Slime:5  | Identified the +6 short sword "Dragonbane" {vorpal,
                  | *Corrode +Rage rF- Dex+7}
 58553 | Slime:5  | Identified the +8 short sword "Seakhilaar" {freeze, Dex+3}
 58583 | Slime:5  | Got the Grimoire of Shifting Evil Rites
 58595 | Slime:5  | Got the Catalogue of Captivating Arcane Weapons
 58632 | Slime:5  | Got a slimy rune of Zot
 59139 | Vaults:5 | Entered Level 5 of the Vaults
 59185 | Vaults:5 | Noticed Boris
 59187 | Vaults:5 | Received a gift from Trog
 59204 | Vaults:5 | Killed Boris
 59282 | Vaults:5 | Received a gift from Trog
 59476 | Vaults:5 | Noticed Saint Roka
 59481 | Vaults:5 | Identified the ring "Vedook" {rF+ rC- Str+8}
 59492 | Vaults:5 | Killed Saint Roka
 59498 | Vaults:5 | Identified the +2 robe "Puymua" {+Blink rF+}
 59499 | Vaults:5 | Noticed an ancient lich
 59518 | Vaults:5 | Killed an ancient lich
 59526 | Vaults:5 | Noticed a dread lich
 59532 | Vaults:5 | Killed a dread lich
 59680 | Vaults:5 | Got the Disquisition on the Dusty Arsonist
 59772 | Vaults:5 | Got a silver rune of Zot
 59778 | Vaults:5 | Got the Volume of Calling and Poison
 59877 | Vaults:5 | Reached XP level 26. HP: 261/261 MP: 22/22
 59883 | Vaults:5 | Identified the +5 scale mail "Vakhlimm" {Contam Str+3 Int+3
                  | Slay+5}
 59969 | Vaults:5 | Identified the +0 pair of boots "Baczug" {+Blink rC- Dex+3}
 59974 | Vaults:5 | Identified the +10 plate armour of Focus {Fly Will+}
 60032 | Vaults:5 | Identified the +0 pair of boots of Kleptomania {rC+ Slay+5}
 60084 | Vaults:5 | Identified the +7 flail of Defence {protect, *Corrode *Slow
                  | rC++ Dex+9}
 60085 | Vaults:5 | Identified the +4 storm dragon scales "Boennaow" {rElec rN+
                  | Int+2 Dex+3}
 60524 | Vaults:2 | Bought a shimmering ring mail for 189 gold pieces
 60524 | Vaults:2 | Identified the +2 ring mail "Fenuisia" {rElec rN+ Will+
                  | Dex-5} (You bought it in a shop on level 2 of the Vaults)
 60543 | Vaults:2 | Bought a polished arbalest for 199 gold pieces
 60543 | Vaults:2 | Identified the +6 arbalest "Hydraslayer" {speed, MP+9 SInv}
                  | (You bought it in a shop on level 2 of the Vaults)
 61153 | Elf:1    | You paid a toll of 6 scrolls of fog to enter a treasure
                  | trove
 61154 | Trove    | Entered a treasure trove
 61156 | Trove    | Identified the ring "Sawk" {rElec rF+ Will- Int+6 Dex+3}
 61158 | Trove    | Identified the ring "Deacet" {rPois rF+++ Int+6 SInv
                  | Stlth+}
 61166 | Trove    | Identified the ring "Emys" {Int+6 Dex+3}
 61170 | Trove    | Identified the ring of Xom's Whimsicality {rElec Int+2
                  | Dex+4 Slay+4}
 61172 | Trove    | Identified the amulet of Lesser Demons {RegenMP Fragile
                  | rC++ rN++}
 61177 | Trove    | Identified the ring of Loutheos {rPois rF++ Str-4 Dex+6}
 61957 | D:15     | Upgraded the game from 0.28-a0-381-g937acc2988 to
                  | 0.28-a0-407-g69098e2f6d
 62081 | Zot:1    | Entered Level 1 of the Realm of Zot
 63463 | Zot:2    | Noticed an orb of fire
 63473 | Zot:2    | Gained mutation: Potions are less effective at restoring
                  | your health. [an orb of fire]
 63483 | Zot:2    | Killed an orb of fire
 63524 | Zot:2    | Received a gift from Trog
 64997 | Zot:3    | Reached XP level 27. HP: 258/269 MP: 22/22
 65663 | Zot:3    | Received a gift from Trog
 65777 | Zot:3    | Identified the +8 quarterstaff of Flawed Execution {drain,
                  | rF+}
 66265 | Zot:4    | Found a transporter.
 66414 | Zot:4    | Reached skill level 27 in Axes
 66743 | Zot:4    | Received a gift from Trog
 67517 | Zot:4    | Found a transporter.
 67519 | Zot:4    | Found the +6 arbalest "Damnation" {damnation}
 67523 | Zot:4    | "Damnation"
 67548 | Zot:5    | Entered Level 5 of the Realm of Zot
 68149 | Zot:5    | Reached skill level 27 in Fighting
 68149 | Zot:5    | Reached skill level 27 in Armour
 68149 | Zot:5    | Upgraded the game from 0.28-a0-407-g69098e2f6d to
                  | 0.28-a0-697-g47f3eba078
 68683 | Snake:2  | Bought the ring "Paubil" {rN+ Will+} for 554 gold pieces
 69026 | Hell     | Entered the Vestibule of Hell
 69026 | Hell     | Noticed Geryon
 69061 | Hell     | Killed Geryon
 69067 | Hell     | Upgraded the game from 0.28-a0-697-g47f3eba078 to
                  | 0.28-a0-773-g130ae17fe5
 69232 | Hell     | Received a gift from Trog
 69335 | Hell     | Found a gateway to the decaying netherworld of Tartarus.
 69424 | Hell     | Found a gateway to the freezing wastes of Cocytus.
 69620 | Hell     | Found a gateway to the ashen valley of Gehenna.
 69657 | Hell     | Found a gateway to the Iron City of Dis.
 69721 | Hell     | Noticed Murray
 69731 | Hell     | Killed Murray
 69951 | Depths:1 | Bought a manual of Evocations for 1440 gold pieces
 70149 | Temple   | Fell from the grace of Trog
 70149 | Temple   | Became a worshipper of the Shining One
 70579 | D:14     | Learned a level 6 spell: Statue Form
 70844 | Crypt:1  | Entered Level 1 of the Crypt
 70867 | Crypt:1  | Learned a level 1 spell: Apportation
 70870 | Crypt:1  | Learned a level 2 spell: Blink
 70873 | Crypt:1  | Learned a level 2 spell: Passwall
 70878 | Crypt:1  | Learned a level 4 spell: Passage of Golubria
 70902 | Crypt:1  | Reached skill level 1 in Invocations
 70978 | Crypt:1  | Reached * piety under the Shining One
 71083 | Crypt:1  | Found a magical portal.
 71099 | WizLab   | Entered The Roulette of Golubria
 71099 | WizLab   | Found a transporter.
 71106 | WizLab   | Found a corrupted altar of Lugonu.
 71113 | WizLab   | Reached skill level 1 in Translocations
 71125 | WizLab   | Found a transporter.
 71148 | WizLab   | Found a transporter.
 71148 | WizLab   | Found a transporter.
 71177 | WizLab   | Found a transporter.
 71212 | WizLab   | Found the +1 cloak of Starlight {*Dazzle EV+4 Stlth--}
 71219 | WizLab   | Found a transporter.
 71239 | WizLab   | Found a transporter.
 71278 | WizLab   | Found a corrupted altar of Lugonu.
 71288 | WizLab   | Found a transporter.
 71330 | WizLab   | Found a transporter.
 71344 | WizLab   | Reached ** piety under the Shining One
 71424 | WizLab   | Found a transporter.
 71462 | WizLab   | Found a transporter.
 71511 | WizLab   | Found a transporter.
 71515 | WizLab   | Identified the +2 cloak of the Arena {rPois Str+4 Int+4}
 71520 | WizLab   | Identified the +1 cloak of Greed {Regen+ Int+8}
 71547 | WizLab   | Identified the +3 hand axe of Dissolution {freeze, rC+
                  | Will+}
 71570 | WizLab   | Found a transporter.
 71590 | WizLab   | Found a transporter.
 71590 | WizLab   | Found a transporter.
 71638 | WizLab   | Found a transporter.
 71663 | WizLab   | Found a transporter.
 71663 | WizLab   | Found a transporter.
 71684 | WizLab   | Found a transporter.
 71684 | WizLab   | Found a transporter.
 72435 | Crypt:1  | Reached *** piety under the Shining One
 72593 | Crypt:1  | Reached skill level 5 in Invocations
 73250 | Crypt:2  | Reached **** piety under the Shining One
 73252 | Crypt:2  | Noticed Margery
 73259 | Crypt:2  | Killed Margery
 73572 | Crypt:2  | Reached ***** piety under the Shining One
 73637 | Crypt:2  | Noticed a royal mummy
 73638 | Crypt:2  | Noticed a royal mummy
 73638 | Crypt:2  | Noticed a royal mummy
 73638 | Crypt:2  | Noticed Khufu
 73662 | Crypt:2  | Killed a royal mummy
 73664 | Crypt:2  | Killed a royal mummy
 73673 | Crypt:2  | Killed Khufu
 73684 | Crypt:2  | Killed a royal mummy
 73726 | Crypt:2  | Paralysed by Trog for 7 turns
 74034 | Crypt:3  | Entered Level 3 of the Crypt
 74089 | Crypt:3  | Reached ****** piety under the Shining One
 74516 | Crypt:3  | Identified the ring of Lugonu's Grace {rF++ EV+4}
 74659 | Crypt:3  | Found a staircase to the Tomb.
 74697 | Crypt:3  | Identified the ring "Kiment" {Will- Str+6 Dex+3 Slay+2
                  | SInv}
 74816 | Crypt:3  | Reached skill level 5 in Translocations
 75054 | Crypt:3  | Noticed an ancient lich
 75061 | Crypt:3  | Killed an ancient lich
 75062 | Crypt:3  | Reached skill level 10 in Invocations
 75185 | Crypt:3  | Found an ancient bone altar of Kikubaaqudgha.
 75227 | Crypt:3  | Noticed a dread lich
 75231 | Crypt:3  | Killed a dread lich
 75799 | D:15     | Upgraded the game from 0.28-a0-773-g130ae17fe5 to
                  | 0.28-a0-793-g31680bbd8b
 75811 | D:15     | Learned a level 5 spell: Irradiate
 75897 | Geh:1    | Entered Level 1 of Gehenna
 75917 | Geh:1    | Reached skill level 1 in Transmutations
 76240 | Geh:5    | Noticed an ancient lich
 76246 | Geh:5    | Killed an ancient lich
 76271 | Geh:5    | You are sucked into a shaft and drop 1 floor!
 76433 | Geh:7    | Entered Level 7 of Gehenna
 76648 | Geh:7    | Found the +7 sceptre of Asmodeus
 76648 | Geh:7    | Noticed Asmodeus
 76677 | Geh:7    | Killed Asmodeus
 76678 | Geh:7    | Reached skill level 5 in Transmutations
 76786 | Geh:7    | Got an obsidian rune of Zot
 77434 | Geh:7    | Identified the +5 quarterstaff of Facidown {flame, Str+2}
 77679 | Geh:7    | Found the -2 hat of the Alchemist {rElec rPois rF+ rC+ rN+
                  | Will+ rMut rCorr}
 77686 | Geh:7    | Reached skill level 15 in Invocations
 77688 | Geh:7    | Identified the +7 spear of the Magi {flame, Will+ rCorr
                  | Int-3 Stlth+}
 77699 | Geh:7    | Identified the ring of Xiruesk {rPois MP+9 Str+4}
 77702 | Geh:7    | Identified the +3 plate armour of the Cricket {rN++ MP-9}
 77711 | Geh:7    | Identified the +2 leather armour of the Thirteen Stories
                  | {rF+ rCorr Int-2 Dex+4}
 77917 | Hell     | Upgraded the game from 0.28-a0-793-g31680bbd8b to
                  | 0.28-a0-794-gafe8c5f9e9
 77935 | Dis:1    | Entered Level 1 of the Iron City of Dis
 78486 | Dis:2    | You are sucked into a shaft and drop 1 floor!
 78486 | Dis:3    | Noticed a dread lich
 78496 | Hell     | Killed a dread lich
 78766 | Dis:3    | Paralysed by Trog for 6 turns
 79141 | Dis:4    | You are sucked into a shaft and drop 1 floor!
 79574 | Hell     | Upgraded the game from 0.28-a0-794-gafe8c5f9e9 to
                  | 0.30-a0-778-g2ef04afb54
 80110 | Zot:5    | Noticed an orb of fire
 80113 | Zot:5    | Noticed an orb of fire
 80117 | Zot:5    | Noticed an orb of fire
 80122 | Zot:5    | Killed an orb of fire
 80123 | Zot:5    | Noticed an orb of fire
 80128 | Zot:5    | Killed an orb of fire
 80130 | Zot:5    | Noticed an orb of fire
 80131 | Zot:5    | Noticed an orb of fire
 80137 | Zot:5    | Killed an orb of fire
 80145 | Zot:5    | Killed an orb of fire
 80150 | Zot:5    | Killed an orb of fire
 80154 | Zot:5    | Killed an orb of fire
 80499 | Zot:5    | Got the Orb of Zot
 80816 | D:15     | Noticed Boris
 80823 | D:15     | Killed Boris
 80981 | D:8      | Noticed Haebaskaurr the pandemonium lord
 80987 | D:8      | Killed Haebaskaurr the pandemonium lord
 81113 | D:1      | Identified a +6 executioner's axe of holy wrath (a +4
                  | executioner's axe of electrocution blessed by the Shining
                  | One)
 81113 | D:1      | Received a gift from the Shining One
 81121 | D:$      | Escaped with the Orb!

Illustrated notes

#..# #..# ##.## ########### #..#
# #..## ####)#)#=#[#)# ##..# ##
##..####..########### ##...####.
#..)))...#(#$#©#?#(###....#....
#..#)....############........#.
#..#####.#=#$#)#?#=#.....#####.
#..# #############..#### #. #.)#
#..@.....### #. ###..##
##....#### ##. .##...# ##...# #..
......### ##### ###..
#.......#### ####....
####.......###############....)..
#............................# #
##.....##.............##.)..## ##
###....###############....##


Turn 67523 on Zot:4: "Damnation"

Levels and vault maps discovered:
D:1:      giann_wishing_wells, layout_basic,
          shapermc_ecumenical_altar_notcrosses
D:2:      layout_loops_ring
D:3:      layout_rooms, minmay_fractal_squares_gapless_5
D:4:      layout_gridville
D:5:      layout_loops_cross, serial_co_window_serial,
          co_window_of_opportunity_a, co_window_corner_a, co_window_cross_1,
          co_window_paths_a, co_window_paths_a, co_window_broadway_a,
          co_window_broadway_c, co_window_2corner, co_window_broadway_b,
          co_window_corner_b, co_window_2corner, co_window_4corner_a,
          glass_columns_b, glass_columns_b, st_stairs_4,
          kennysheep_small_spiral, nrook_loot_triangle, uniq_blork_the_orc
D:6:      layout_cave_pools, grunt_ministairs_1, uniq_eustachio
D:7:      layout_rooms, minmay_temple_entry_mini_moons,
          kennysheep_generic_room_2
D:8:      layout_rooms, lair_entry_dummy, kennysheep_generic_room_3,
          uniq_gastronok
D:9:      layout_big_octagon, grunt_ministairs_8
D:10:     layout_cave_pods, old_standard_altar, erik_orc_4, special_room
          [special_room_orc]
D:11:     layout_loops_ring, uniq_snorg
D:12:     layout_cave_pools, minmay_misc_feat_pillars,
          nemelex_lonely_heart_becter
D:13:     layout_irregular_city, minmay_misc_feat_square
D:14:     layout_basic, erik_vaults_2, kennysheep_generic_room_12
D:15:     grunt_enter_depths_magical_seal, layout_loops_cross,
          minmay_misc_feat_x, nicolae_ashenzari_skybound, uniq_agnes
Temple:   grunt_wide_crystal_templ
Lair:1:   layout_regular_city, minivault_27
Lair:2:   layout_cave_pods
Lair:3:   layout_cellular_growth, minmay_shoals_entry_centaurs, st_stairs_9,
          nicolae_quartered_pool_little, minivault_25, serial_bayou_shore_a,
          serial_bayou_shore_b, infiniplex_staircase_pool,
          minmay_lair_oklob_chamber
Lair:4:   layout_regular_city, minmay_snake_entry_six_corridors
Lair:5:   layout_gridlike, nicolae_slime_entry_slimehenge
Lair:6:   hangedman_lair_caniforms_friends, layout_concentric_octagons,
          guppyfry_lair_end_dragon, special_room [special_room_bee],
          basic_altar, uniq_rupert
Shoals:1: layout_shoals, nicolae_shop_clearance, uniq_donald
Shoals:2: layout_shoals
Shoals:3: layout_shoals, uniq_bai_suzhen
Shoals:4: shoals_end_simple, layout_shoals, serial_shops, shop
Snake:1:  nicolae_snake_shooting_gallery, layout_rooms
Snake:2:  layout_rooms, nicolae_coiled_stairwell_down, minmay_shoptagon,
          uniq_kirke, uniq_vashnia, uniq_azrael
Snake:3:  layout_basic
Snake:4:  grunt_snake_rune_pools, layout_misc_corridors,
          nicolae_snake_coiling_death, grunt_megastairs_4
Slime:1:  layout_caves
Slime:2:  layout_caves
Slime:3:  layout_caves
Slime:4:  cheibrodos_slime_lost_civilization_3, layout_caves
Slime:5
Orc:1:    layout_caves, basic_altar
Orc:2:    st_orc_mages, layout_diamond_mine, david_defended_altar_orc
Elf:1:    eino_elf_arrival_altar, layout_geoelf_grid,
          nicolae_trove_entry_diagonal, hangedman_elven_crosses_minicolossus
Elf:2:    nicolae_elf_blades_splatter_lattice [nicolae_blade_entry_antechamber],
          layout_geoelf_grid
Elf:3:    elf_hall, layout_loops_corners, serial_shops, shop, corner_web_ring
Vaults:1: ebering_vaults_ghost_xom, vaults_room_grid, hangedman_vaults_pinch,
          nicolae_vaults_alarming, st_cross, nicolae_vaults_mini_display_case,
          vaults_mumra_hex, nicolae_vaults_little_squares_2,
          hangedman_vaults_trim, v_pattern_3, vaults_room_grid,
          ontoclasm_vaults_ligature, nicolae_vaults_little_ls,
          layout_vaults_maze, serial_shops, shop, shop, uniq_asterion,
          uniq_aizul
Vaults:2: ontoclasm_vaults_eye, nicolae_vaults_what_the_h, grunt_vaults_swirl,
          vaults_room_pools, nicolae_vaults_three_branches, v_misc_10,
          ontoclasm_vaults_ring_small, v_misc_23, v_alt_pattern_2,
          hangedman_vaults_corner_blocks, blue_anna_dwarven_crypt,
          vaults_room_hangedman_quadrants, v_misc_15, vaults_room_hallway,
          ontoclasm_vaults_decontamination, ontoclasm_vaults_ring_square,
          layout_vaults_omnibox, portal_desolation_entry_nicolae_slug,
          serial_shops, nicolae_shop_behind_doors
Vaults:3: nicolae_vaults_border_crossing, ontoclasm_vaults_ring_square,
          hangedman_vaults_maws, v_misc_29, vaults_mumra_minichess_inversion,
          vaults_room_pools, vaults_dpeg_spiral, ontoclasm_vaults_spin,
          dpeg_vaults_monster_row, v_misc_23, vaults_room_octagon,
          vaults_room_stairs_pillars, ontoclasm_vaults_loading_screen,
          grunt_vaults_hallway_short, layout_vaults_big_cross
Vaults:4: v_rooms_4, hangedman_vaults_stretched_pinwheel, v_misc_3,
          nicolae_vaults_little_squares_4, v_misc_15, hangedman_vaults_trim,
          vaults_mumra_minichess, ontoclasm_vaults_gateway,
          hangedman_vaults_cutoff, vaults_dpeg_ring, layout_vaults_big_room
Vaults:5: uniq_saint_roka, uniq_boris
Crypt:1:  layout_catacombs, mu_enter_wizlab_5, minmay_misc_feat_cross,
          grunt_megastairs_2
Crypt:2:  layout_gridlike, lemuel_dead_fish_pool,
          roderic_lattice_octagonal_star, uniq_margery, uniq_khufu
Crypt:3:  quadcrypt_mu
Depths:1: layout_small_grid, hell_entry, nicolae_uskayaw_dance_hall,
          fedhas_altar_3, minmay_shop_star
Depths:2: pf_snail_temple, layout_gridlike, grunt_mini_vestibule,
          rand_demon_pan_entry_3, infiniplex_staircase_spiral_double
Depths:3: nooodl_glass_maze, layout_twisted_cross, enter_ziggurat_f,
          abyss_entry, minmay_misc_feat_tower, pf_coc_iceberg,
          grunt_pan_entry_zigzag
Depths:4: minmay_the_grid_triangle_9x9_recursive_2
          [minmay_the_grid_triangle_9x9_prize_top_heavy,
          minmay_the_grid_triangle_9x9_tough_junction,
          minmay_the_grid_triangle_9x9_impossible_snake,
          minmay_the_grid_triangle_9x9_skeleton], layout_long_grid,
          abyss_entry_flame_altar, hangedman_abyss_or_decor_passed,
          grunt_hell_entry_dis_mu, rand_demon_pan_entry_5,
          minmay_staircase_statues_hall_large, firewood_loft, uniq_sojobo,
          uniq_enchantress, uniq_xtahua
Depths:5: grunt_zot_entry_tricorne, layout_cave_pools, rand_demon_pan_entry_9,
          chequers_serial_rivers_large_a, hangedman_tar_grid_catacomb,
          eino_small_chamber_without_monster
Hell
Dis:1:    layout_jigsaw
Dis:2:    layout_subdivisions
Dis:3:    layout_subdivisions, nicolae_dis_metal_dragon_surprise
Dis:4:    layout_overlapping_boxes
Dis:5:    layout_gridville
Geh:1:    layout_gehenna_lava_caves
Geh:2:    nicolae_geh_gridlava [nicolae_sub_geh_gridintersect,
          nicolae_sub_geh_gridintersect, nicolae_sub_geh_gridintersect,
          nicolae_sub_geh_gridintersect], layout_gehenna_lava_caves
Geh:3:    layout_gehenna_pools_basic, nicolae_hells_seeping_fissure
Geh:4:    layout_gehenna_pools_basic
Geh:5:    layout_gehenna_lava_caves
Geh:6:    nicolae_geh_i_lava_good_maze
          [nicolae_geh_lavamaze_orthhalf_weird_bits,
          nicolae_geh_lavamaze_orthhalf_recurse]
Geh:7:    evilmike_geh
Zot:1:    layout_twisted_circle, skrybe_zot_glass_1
Zot:2:    evilmike_crystal_ball_defense, layout_basic, zot_minivault_1
Zot:3:    hangedman_orp_of_zott, layout_misc_corridors, grunt_megastairs_3
Zot:4:    gammafunk_dig_for_victory, layout_cathedral_of_symmetry
Zot:5:    layout_gridlike

Skill      XL: |  1  2  3  4  5  6  7  8  9 10 11 12 13 14 15 16 17 18 19 20 21 22 23 24 25 26 27 |
---------------+----------------------------------------------------------------------------------+-----
Fighting       | 4 5 6 7 8 9 11 12 13 15 16 17 18 20 21 22 23 24 26 27 | 27.0
Axes           | 4 5 6 7 9 11 12 14 16 17 18 19 20 21 23 26 27 | 27.0
Armour         | 3 4 5 6 8 9 10 11 12 13 14 17 18 20 21 22 23 24 27 | 27.0
Dodging        | 3 4 6 7 8 9 11 12 13 16 19 | 19.0
Evocations     | 2 4 6 8 10 11 12 13 14 | 14.4
Throwing       | 4 6 9 11 | 11.4
Crossbows      | 5 13 17 19 20 22 |  0.0
Invocations    | 19 | 19.6
Translocations | 8 |  8.0
Transmutations | 9 |  9.0
Ranged Weapons | 22 | 22.0

Action                     |  1- 3 |  4- 6 |  7- 9 | 10-12 | 13-15 | 16-18 | 19-21 | 22-24 | 25-27 || total
---------------------------+-------+-------+-------+-------+-------+-------+-------+-------+-------++-------
  Melee: Hand axe          |    46 |    88 |       |    56 |    11 |       |       |       |       ||   201
         Headbutt          |    10 |    19 |    41 |    97 |   247 |   329 |   385 |   371 |   701 ||  2200
         War axe           |       |     5 |   111 |     4 |       |       |       |       |       ||   120
         Battleaxe         |       |       |   106 |   378 |  1068 |  1092 |  1265 |  1360 |   577 ||  5846
         Trident           |       |       |       |       |    26 |       |       |       |       ||    26
         Executioner's axe |       |       |       |       |       |    16 |    57 |    20 |  1410 ||  1503
   Fire: Sling             |       |     8 |     3 |     3 |       |       |       |       |       ||    14
         Heavy crossbow    |       |       |       |       |       |       |     7 |    93 |    24 ||   124
         Arbalest          |       |       |       |       |       |       |       |       |   354 ||   354
  Throw: Stone             |       |     1 |       |       |       |       |       |       |       ||     1
         Boomerang         |       |       |       |    21 |    31 |    49 |    62 |       |       ||   163
         Throwing net      |       |       |       |       |     1 |       |       |     2 |       ||     3
         Dart              |       |       |       |       |     1 |       |       |       |       ||     1
         Javelin           |       |       |       |       |     4 |     8 |     6 |    27 |    73 ||   118
   Cast: Apportation       |       |       |       |       |       |       |       |       |     2 ||     2
 Invoke: Berserk           |       |     4 |     5 |     7 |     4 |     4 |     1 |       |       ||    25
         Trog's Hand       |       |     1 |     1 |     1 |     8 |    10 |     8 |    11 |     5 ||    45
         Brothers in Arms  |       |       |       |       |     3 |     5 |     1 |     6 |     1 ||    16
         Divine Shield     |       |       |       |       |       |       |       |       |     5 ||     5
         Cleansing Flame   |       |       |       |       |       |       |       |       |     5 ||     5
         Summon Divine War |       |       |       |       |       |       |       |       |     1 ||     1
         Brand Weapon With |       |       |       |       |       |       |       |       |     1 ||     1
  Evoke: Wand              |       |       |       |     2 |     8 |     7 |     5 |     9 |    15 ||    46
         Lightning rod     |       |       |       |       |     5 |     4 |       |     3 |       ||    12
         Condenser vane    |       |       |       |       |       |     2 |       |     1 |       ||     3
         Tin of tremorston |       |       |       |       |       |       |       |     3 |     4 ||     7
         Box of beasts     |       |       |       |       |       |       |       |       |     1 ||     1
    Use: Scroll            |       |     1 |     5 |    13 |     9 |     9 |     3 |     9 |    24 ||    73
         Potion            |       |       |       |     3 |     4 |     2 |       |     1 |    20 ||    30
   Stab: Paralysed         |       |       |       |       |     6 |     3 |     3 |     6 |       ||    18
         Petrified         |       |       |       |       |     4 |       |       |       |       ||     4
         Distracted        |       |       |       |       |       |       |     1 |     2 |       ||     3
 Armour: Animal skin       |     4 |       |       |       |       |       |       |       |       ||     4
         Ring mail         |     6 |    22 |       |       |       |       |       |       |       ||    28
         Chain mail        |       |       |    31 |       |       |       |       |       |       ||    31
         Scale mail        |       |       |    83 |   246 |   599 |       |       |       |       ||   928
         Crystal plate arm |       |       |       |       |       |   799 |   859 |  1135 |  1335 ||  4128
  Dodge: Dodged            |    20 |    49 |   106 |   298 |   656 |   620 |   692 |   925 |  1260 ||  4626
  Block: Other             |       |       |       |       |       |       |       |       |    48 ||    48

Table legend: (Time is in decaauts)
 A = Elapsed time spent in this place.
 B = Non-inter-level travel time spent in this place.
 C = Inter-level travel time spent in this place.
 D = Time resting spent in this place.
 E = Time spent auto-exploring this place.
 F = Levels seen in this place.
 G = Mean time per level.
                   A        B        C        D        E       F      G
               +--------+--------+--------+--------+--------+-----+--------+
         Total |  79708 |  68115 |  11593 |   4084 |  43060 |  74 | 1077.1 |
       Dungeon |  21916 |  17724 |   4192 |   1182 |  12761 |  15 | 1461.1 |
        Temple |     79 |     64 |     15 |      0 |      0 |   1 |   79.0 |
          Lair |  12269 |  11041 |   1228 |   1241 |   8179 |   6 | 2044.8 |
        Shoals |   3205 |   2889 |    316 |      0 |   1702 |   4 |  801.2 |
     Snake Pit |   3969 |   3621 |    348 |    238 |   2028 |   4 |  992.2 |
    Slime Pits |    661 |    612 |     49 |     39 |      3 |   5 |  132.2 |
  Orcish Mines |   1816 |   1583 |    233 |    178 |    959 |   2 |  908.0 |
   Elven Halls |   3586 |   3298 |    288 |     29 |   2014 |   3 | 1195.3 |
        Vaults |   8372 |   6094 |   2278 |     43 |   4099 |   5 | 1674.4 |
         Crypt |   3574 |   3311 |    263 |     93 |   2005 |   3 | 1191.3 |
        Depths |   7305 |   6084 |   1221 |     71 |   3762 |   5 | 1461.0 |
          Hell |   1399 |   1296 |    103 |    149 |    603 |   1 | 1399.0 |
           Dis |   1110 |   1071 |     39 |    354 |    311 |   5 |  222.0 |
       Gehenna |   1808 |   1702 |    106 |    275 |    177 |   7 |  258.3 |
           Zot |   7003 |   6096 |    907 |    157 |   4220 |   5 | 1400.6 |
         Trove |     37 |     37 |      0 |      0 |      0 |   1 |   37.0 |
        Wizlab |    683 |    683 |      0 |      0 |    235 |   1 |  683.0 |
    Desolation |    907 |    907 |      0 |     33 |      0 |   1 |  907.0 |
               +--------+--------+--------+--------+--------+-----+--------+

Top non-repeatable levels by time:
    D:14: 3120 daAuts
  Lair:6: 2509 daAuts
  Lair:4: 2498 daAuts
Vaults:2: 2208 daAuts
    D:15: 2184 daAuts
Vaults:1: 2170 daAuts
  Lair:1: 2158 daAuts
    D:13: 2106 daAuts
Depths:2: 1959 daAuts
  Lair:3: 1824 daAuts
  Lair:2: 1736 daAuts
   Zot:2: 1720 daAuts
    D:11: 1657 daAuts
   Elf:3: 1653 daAuts
Depths:4: 1648 daAuts
